 Dungeon Crawl Stone Soup version 0.27-a0-1322-gfdffb62a71 (webtiles) character file.

Game seed: 6554925403815767257

35 sanka the Sneak (level 3, -2/26 HPs)
             Began as an Octopode Delver on June 22, 2021.
             Killed by nerve-wracking pain
             ... invoked by an orc priest
              (5 damage)
             ... on level 5 of the Dungeon.
             The game lasted 00:00:39 (359 turns).

sanka the Sneak (Octopode Delver)                    Turns: 359, Time: 00:00:40

Health: -2/26      AC:  1    Str: 11    XL:     3   Next: 35%
Magic:  3/3        EV: 13    Int: 12    God:
Gold:   18         SH:  0    Dex: 14    Spells: 2/2 levels left

rFire    . . .     SeeInvis .     - Unarmed
rCold    . . .     Faith    .   (no shield)
rNeg     . . .     Spirit   .   (helmet restricted)
rPois    .         Reflect  .   (no amulet)
rElec    .         Harm     .   (no ring)
rCorr    .         Rampage  .   (no ring)
Will     .....                  (no ring)
Stlth    ++++......             (no ring)
HPRegen  0.08/turn              (no ring)
MPRegen  0.08/turn              (no ring)
                                (no ring)
                                (no ring)

@: lethally poisoned (-2 -> -6)
A: almost no armour, amphibious, 8 rings, camouflage 1, gelatinous body 1,
(nimble swimmer 1), tentacles
a: no special abilities


You were on level 5 of the Dungeon.
You visited 1 branch of the dungeon, and saw 1 of its levels.

You collected 18 gold pieces.


Innate Abilities, Weirdness & Mutations

You cannot wear most types of armour.
You are amphibious.
You can wear up to eight rings at the same time.
Your skin changes colour to match your surroundings (Stealth+).
Your rubbery body absorbs attacks. (AC +1, EV +1)
((You are camouflaged near water. (Stealth+)))
You have tentacles for arms and can constrict up to eight enemies at once.


   Skills:
 + Level 3.3 Fighting
 + Level 2.5 Dodging
 - Level 7.0 Stealth
 + Level 2.5 Unarmed Combat


You had 2 spell levels left.
You didn't know any spells.
Your spell library was empty.

Inventory:

Wands
 e - a wand of digging (3)
Scrolls
 a - 2 scrolls of fog
 b - a scroll of magic mapping
 c - a scroll of fear
 g - a scroll of silence {unknown}
Potions
 d - a potion of haste {@q3}
 f - a potion of curing {unknown}

Dungeon Overview and Level Annotations

Branches:
Dungeon (5/15)
 Temple: D:4-7

Altars:

▒▒▒▒▒ ..... ▒.....
▒.....▒▒▒ ▒▒▒ ▒▒▒
▒▒▒▒
......▒8▒▒▒8▒▒▒8▒▒
▒..▒
.................▒▒▒▒
▒..▒
▒.........o...8▒..
▒..▒
▒.....o...†...▒▒.▒
▒..▒
▒..▒8▒▒▒8▒▒x..▒▒.▒
▒..▒ ▒▒ ▒▒▒
▒▒▒▒)..▒▒.▒▒▒▒▒▒▒▒..▒
▒8...⌠▒...........▒
▒▒...▒▒.▒▒.▒▒▒▒▒.▒▒
▒...▒▒.▒▒▒▒▒▒▒▒.▒▒
▒▒...▒▒......)▒▒...
▒8...8▒.▒▒▒▒▒▒▒▒▒▒▒
▒▒...▒▒.▒..
▒....▒.▒.▒


You could see an orc priest and an orc.


Message History

The adder is heavily wounded.
You feel sick. The adder bites you but does no damage.
Unknown command.
You miss the adder. You grab the adder.
The adder is heavily wounded.
You constrict the adder.
You feel sick. The adder bites you.
* * * LOW HITPOINT WARNING * * *
You are lethally poisoned!
The adder poisons you! The adder bites you but does no damage.
You release your grip on the adder.
* * * LOW HITPOINT WARNING * * *
You feel sick.
* * * LOW HITPOINT WARNING * * *
You feel sick.
* * * LOW HITPOINT WARNING * * *
You feel sick.
You tentacle-slap the adder. You grab the adder. You squeeze the adder.
You kill the adder!
* * * LOW HITPOINT WARNING * * *
You feel sick.
The orc priest mumbles some strange prayers to Beogh against you.
Pain shoots through your body!
You die...

Action                   || total
-------------------------++-------
Melee: Unarmed           ||    19
       Tentacles         ||     3
       Constrict         ||     5
 Stab: Sleeping          ||     1
Armor: Skin              ||     3
Dodge: Dodged            ||    12

Levels and vault maps discovered:
D:5:      layout_basic, nemelex_dance_club_becter, serial_corexii_hall,
          chequers_hall_statues_wall_a, corexii_hall_statues_l,
          chequers_hall_statues_corner_a, minmay_misc_feat_roman, uniq_ijyb

Notes
Turn   | Place    | Note
-------+----------+-------------------------------------------
     0 | D:5      | sanka the Octopode Delver began the quest for the Orb.
     0 | D:5      | Reached XP level 1. HP: 16/16 MP: 1/1
   125 | D:5      | Noticed a hound
   138 | D:5      | Killed a hound
   139 | D:5      | Reached XP level 2. HP: 11/21 MP: 2/2
   139 | D:5      | Reached XP level 3. HP: 14/26 MP: 3/3
   349 | D:5      | Reached skill level 7 in Stealth
   359 | D:5      | Killed from afar by an orc priest

Vanquished Creatures
  A hound (D:5)
  An adder (D:5)
  An adder skeleton (D:5)
  An orc (D:5)
4 creatures vanquished.
